 Dungeon Crawl Stone Soup version 0.31.0-1-g2c135a0 (webtiles) character file.

Game seed: 9907387584799221805

4702 sffallen the Cleaver (level 10, 0/93 HPs)
             Began as a Hill Orc Fighter on Feb 19, 2024.
             Was a High Priest of Nemelex Xobeh.
             Slain by a yak (10 damage)
             ... on level 8 of the Dungeon on Feb 20, 2024.
             The game lasted 01:20:05 (7180 turns).

sffallen the Cleaver (Hill Orc Fighter)             Turns: 7180, Time: 01:20:05

Health: 0/93       AC: 17    Str: 24    XL:     10   Next: 45%
Magic:  12/12      EV:  6    Int:  8    God:    Nemelex Xobeh [*****.]
Gold:   474        SH:  9    Dex: 10    Spells: 9/9 levels left

rFire   . . .        a - +0 war axe
rCold   . . .        p - +0 kite shield
rNeg    . . .        C - +0 plate armour
rPois   .            c - +1 helmet
rElec   .            F - +0 cloak {Will+}
rCorr   .            n - +0 pair of gloves
SInv    .            (no boots)
Will    +....        (no amulet) Stlth
                     (no ring)
HPRegen 0.35/turn    (no ring)
MPRegen 0.13/turn

%: no passive effects
@: no status effects
A: no striking features
a: Renounce Religion, Draw Escape, Draw Destruction, Draw Summoning, Triple
Draw, Deal Four, Stack Five


You were on level 8 of the Dungeon.
You worshipped Nemelex Xobeh.
Nemelex Xobeh was extremely pleased with you.
You visited 1 branch of the dungeon, and saw 8 of its levels.
You also visited: Bailey.

You collected 756 gold pieces.
You spent 282 gold pieces at shops.

Inventory:

Hand Weapons
 a - a +0 war axe (weapon)
 G - a +3 hand axe
 K - a +0 broad axe
Armour
 c - a +1 helmet (worn)
 n - a +0 pair of gloves (worn)
 p - a +0 kite shield (worn)
 C - a +0 plate armour (worn)
 F - a +0 cloak of willpower (worn)
Jewellery
 i - a ring of magical power
 t - a ring of poison resistance
Wands
 v - a wand of polymorph (11)
 w - a wand of flame (21)
 y - a wand of mindburst (19)
Scrolls
 b - a scroll of amnesia {unknown}
 f - 3 scrolls of identify
 g - 4 scrolls of blinking
 h - a scroll of vulnerability {unknown}
 j - a scroll of fog {unknown}
 k - a scroll of brand weapon {unknown}
 l - a scroll of noise {unknown}
 m - a scroll of poison {unknown}
 o - 2 scrolls of fear {unknown}
 q - a scroll of revelation {unknown}
 u - 4 scrolls of enchant armour
 x - 3 scrolls of teleportation
 A - a scroll of acquirement {unknown}
 D - a scroll of immolation {unknown}
 J - a scroll of summoning {unknown}
Potions
 d - 2 potions of might
 e - a potion of brilliance {unknown}
 r - 3 potions of mutation {unknown}
 s - 6 potions of curing
 z - 4 potions of invisibility
 B - 4 potions of haste {unknown}
 H - a potion of attraction {unknown}
 I - a potion of lignification {unknown}


   Skills:
 + Level 10.2 Fighting
 - Level 13.0 Axes
 * Level 6.8 Armour
 - Level 1.0 Stealth
 * Level 6.5 Shields
 - Level 3.0 Invocations


You had 9 spell levels left.
You didn't know any spells.
Your spell library contained the following spells:

 Spells                   Type           Power      Damage    Failure   Level
 Magic Dart               Conj           0%         1d3       100%        1
 Slow                     Hex            0%         N/A       100%        1
 Blink                    Tloc           0%         N/A       100%        2
 Lesser Beckoning         Tloc           0%         N/A       100%        2
 Momentum Strike          Conj/Tloc      0%         3d8       100%        2
 Searing Ray              Conj           0%         2d4       100%        2
 Confusing Touch          Hex            0%         N/A       100%        3
 Sigil of Binding         Hex            0%         N/A       100%        3
 Vampiric Draining        Necr           0%         2d6       100%        3
 Fulminant Prism          Conj/Alch      0%         3d5       100%        4


Dungeon Overview and Level Annotations

Branches:
Dungeon (8/15)             Temple (0/1) D:5          Bailey (visited)
   Lair: D:8-11

Altars:
Hepliaklqana
Nemelex Xobeh
Ru
Sif Muna
Yredelemnul

Shops:
D:6 !!?=*   D:7 !*   D:8 [


Message History

The yak barely misses you.
You slice the yak!!
The yak is severely wounded.
You closely miss the yak. The yak gores you but does no damage.
The yak gores you.
* * * LOW HITPOINT WARNING * * *
You hit the yak but do no damage.
The yak is severely wounded.
You barely miss the yak. The yak gores you.
* * * LOW HITPOINT WARNING * * *
The yak closely misses you.
You hit the yak but do no damage.
The yak is severely wounded.
You barely miss the yak. The yak gores you.
* * * LOW HITPOINT WARNING * * *
The yak gores you.
* * * LOW HITPOINT WARNING * * *
You slash the yak!
You kill the yak!
You slash the yak! You block the yak's attack.
You hit the yak but do no damage.
The yak is moderately wounded.
The yak gores you but does no damage.
You hit the yak.
The yak is moderately wounded.
The yak gores you but does no damage.
You barely miss the yak.
The yak is moderately wounded.
The yak gores you!
* * * LOW HITPOINT WARNING * * *
You feel much better. The yak gores you!
* * * LOW HITPOINT WARNING * * *
The yak gores you!
* * * LOW HITPOINT WARNING * * *
You see here a yak corpse.
You slash the yak!
The yak is heavily wounded.
The yak gores you!
You die...
Your body glows with a rainbow of weird colours and disappears.

#### #### ..... #...
..... ###.###.....
##########...........
####..........≈≈~≈≈.....
#.............≈.>.≈.....
..............~.∩.~.....
............()≈.@.≈.....
...........(.(≈≈Y≈≈....#
.............))........#
.......#+#########.....#
........./.. .....#
............ .....#
............. .....#
.....>....... .....
####......... ...#


You could see a yak.

Vanquished Creatures
  Sigmund (D:3)
  2 yaks (D:8)
  Edmund (D:4)
  2 water moccasins
  An ice beast (D:6)
  A hornet zombie (D:7)
  6 orc warriors
  The ghost of Lock the Chopper, an amateur MiBe of Trog (D:3)
  6 ogres
  3 centaurs (D:6)
  A kobold brigand (D:8)
  3 bullfrogs
  2 gnoll sergeants
  A wyvern zombie (D:7)
  8 wights (D:7)
  A howler monkey (D:6)
  2 bombardier beetles
  2 centaur zombies (D:7)
  9 hounds
  A jelly (D:5)
  A gnoll bouda (D:6)
  5 orc priests
  A sleepcap (D:4)
  Jessica (D:3)
  Terence (D:3)
  7 iguanas
  2 orc wizards
  2 killer bee zombies (D:7)
  A howler monkey zombie (D:7)
  20 gnolls
  6 adders
  A river rat (D:3)
  6 white imps
  3 ufetubi
  4 dart slugs
  A ribbon worm (D:4)
  17 orcs
  9 ball pythons
  8 endoplasms
  7 giant cockroaches
  17 hobgoblins
  6 jackals
  5 quokkas
  8 bats
  2 frilled lizards
  8 goblins
  22 kobolds
  8 rats
233 creatures vanquished.

Notes
Turn   | Place    | Note
-------+----------+-------------------------------------------
     0 | D:1      | sffallen the Hill Orc Fighter began the quest for the Orb.
     0 | D:1      | Reached XP level 1. HP: 19/19 MP: 1/1
   186 | D:1      | Reached XP level 2. HP: 26/27 MP: 2/2
   202 | D:1      | Reached skill level 3 in Axes
   243 | D:1      | Found a faded altar of an unknown god.
   256 | D:1      | Prayed at the altar of an unknown god.
   256 | D:1      | Became a worshipper of Nemelex Xobeh the Trickster
   256 | D:1      | Reached * piety under Nemelex Xobeh
   311 | D:1      | Received a gift from Nemelex Xobeh
   439 | D:1      | Reached XP level 3. HP: 33/33 MP: 3/3
   855 | D:2      | Reached ** piety under Nemelex Xobeh
   896 | D:2      | Received a gift from Nemelex Xobeh
  1004 | D:2      | Reached skill level 4 in Axes
  1465 | D:2      | Received a gift from Nemelex Xobeh
  1515 | D:3      | Reached XP level 4. HP: 39/40 MP: 4/4
  1642 | D:3      | Noticed Terence
  1649 | D:3      | Killed Terence
  1650 | D:3      | Reached skill level 5 in Axes
  1651 | D:3      | Noticed Sigmund
  1663 | D:3      | Killed Sigmund
  1664 | D:3      | Reached skill level 7 in Axes
  1664 | D:3      | Reached XP level 5. HP: 46/46 MP: 5/5
  1664 | D:3      | Reached XP level 6. HP: 52/52 MP: 6/6
  1893 | D:3      | Found a runed translucent door.
  1896 | D:3      | Noticed Lock's ghost (amateur MiBe)
  1925 | D:3      | Killed Lock's ghost
  1926 | D:3      | Reached skill level 1 in Invocations
  1929 | D:3      | Found a runed translucent door.
  2286 | D:3      | Noticed Jessica
  2292 | D:3      | Killed Jessica
  2293 | D:3      | Reached skill level 8 in Axes
  2293 | D:3      | Reached XP level 7. HP: 60/60 MP: 7/7
  2402 | D:4      | Noticed Edmund
  2416 | D:4      | Killed Edmund
  2467 | D:5      | Entered Level 5 of the Dungeon
  2491 | D:5      | Reached *** piety under Nemelex Xobeh
  2502 | D:4      | Reached skill level 9 in Axes
  3058 | D:5      | Reached XP level 8. HP: 19/67 MP: 10/10
  3068 | D:5      | Reached skill level 10 in Axes
  3269 | D:5      | Found a sacrificial altar of Ru.
  3555 | D:5      | Reached skill level 5 in Fighting
  3564 | D:5      | Reached skill level 11 in Axes
  3779 | D:5      | Received a gift from Nemelex Xobeh
  3785 | D:5      | Found a shimmering blue altar of Sif Muna.
  3809 | D:5      | Found a hazy altar of Hepliaklqana.
  3833 | D:5      | Found a staircase to the Ecumenical Temple.
  4133 | D:6      | Reached skill level 1 in Stealth
  4289 | D:6      | Reached **** piety under Nemelex Xobeh
  4311 | D:6      | Reached skill level 12 in Axes
  4529 | D:6      | Reached XP level 9. HP: 61/75 MP: 11/11
  4572 | D:6      | Reached skill level 13 in Axes
  4962 | D:6      | Found Cimaklan's Magic Scroll Shoppe.
  4970 | D:6      | Bought a scroll of enchant armour for 82 gold pieces
  4970 | D:6      | Bought a scroll of identify for 22 gold pieces
  4970 | D:6      | Bought a scroll of blinking for 82 gold pieces
  4977 | D:6      | Found Hagiy's Distillery.
  5155 | D:6      | Found Ynyecvuw's Distillery.
  5176 | D:6      | Found Aneanash's Jewellery Emporium.
  5179 | D:6      | Found Zagik's General Store.
  5198 | D:6      | Bought a potion of heal wounds for 60 gold pieces
  5198 | D:6      | Bought a scroll of teleportation for 36 gold pieces
  5518 | D:6      | Found a basalt altar of Yredelemnul.
  5954 | D:7      | Found Pinuamukou's Assorted Antiques.
  5961 | D:7      | Reached skill level 5 in Armour
  5961 | D:7      | Reached skill level 5 in Shields
  6043 | D:7      | Found Daciazia's Distillery.
  6056 | D:7      | Reached XP level 10. HP: 84/92 MP: 12/12
  6341 | D:7      | Received a gift from Nemelex Xobeh
  6602 | D:8      | Reached skill level 10 in Fighting
  6660 | D:8      | Found Vahagn's Dragon-Slaying Spoils.
  6732 | D:8      | Received a gift from Nemelex Xobeh
  6743 | D:8      | Found a flagged portal.
  6772 | Bailey   | Entered a bailey
  6788 | Bailey   | Noticed an orc warlord
  6995 | Bailey   | Reached ***** piety under Nemelex Xobeh
  7006 | Bailey   | Found a runed translucent gate.
  7008 | Bailey   | Found a runed translucent gate.
  7010 | Bailey   | Found a runed translucent gate.
  7177 | D:8      | HP: 2/93 [yak (9)]
  7180 | D:8      | Slain by a yak

Illustrated notes

Levels and vault maps discovered:
D:1:      dpeg_arrival_ratfight, layout_loops_ring,
          ebering_ecumenical_altar_webs
D:2:      layout_basic
D:3:      layout_loops_ring, ebering_ghost_sewer_f, uniq_jessica, uniq_terence,
          uniq_sigmund
D:4:      layout_rooms, kennysheep_generic_room_8, uniq_edmund
D:5:      minmay_chambers_of_threes, layout_rooms,
          nicolae_ru_great_annihilating_truth, marbit_many_paths,
          nzn_hepliaklqana_mist_gate, minmay_temple_entry_slanted
D:6:      kennysheep_housing_project, layout_gridville,
          mainiacjoe_overflow_six_doors_small, serial_rivers,
          chequers_serial_rivers_micro_c, chequers_serial_rivers_small_a,
          chequers_serial_rivers_micro_a, chequers_serial_rivers_small_3,
          serial_shops, nicolae_shop_peninsula, shop, shop,
          nicolae_shop_tiny_waterfront, shop
D:7:      layout_rooms, serial_undead, serial_undead_b, serial_undead_f,
          serial_undead_c, serial_undead_c, serial_undead_c, serial_undead_d,
          serial_undead_a, serial_shops, shop, shop, shop, kennysheep_crisscross
D:8:      layout_basic, tso_oasis_becter, fedhas_altar_1, enter_bailey_5,
          nicolae_shop_dragon_depot

Skill      XL: |  1  2  3  4  5  6  7  8  9 10 |
---------------+-------------------------------+-----
Axes           | 3 4 7 8 9 12 13 | 13.0
Armour         | 4 5 6 |  6.8
Fighting       | 4 5 9 10 | 10.2
Invocations    | 1 3 |  3.0
Shields        | 4 5 6 |  6.5
Stealth        | 1 |  1.0

Action                     |  1- 3 |  4- 6 |  7- 9 | 10-12 || total
---------------------------+-------+-------+-------+-------++-------
  Melee: War axe           |   117 |    67 |   419 |   166 ||   769
 Invoke: Draw Destruction  |       |     2 |     1 |     3 ||     6
    Use: Scroll            |       |       |     2 |     1 ||     3
         Potion            |       |       |       |     2 ||     2
   Stab: Paralysed         |       |       |     2 |       ||     2
 Armour: Scale mail        |    57 |       |       |       ||    57
         Chain mail        |    14 |    43 |   227 |       ||   284
         Plate armour      |       |       |    78 |   136 ||   214
  Dodge: Dodged            |    64 |    27 |   128 |    34 ||   253
  Block: Buckler           |    25 |    14 |       |       ||    39
         Kite shield       |       |     7 |   211 |    63 ||   281
